 Dungeon Crawl Stone Soup version 0.16.1-7-g2c6721e (webtiles) character file.

158213 Stepppan the Warrior (level 17, -2/163 HPs)
             Began as a Green Draconian Warper on Mar 28, 2015.
             Was the Champion of Makhleb.
             Slain by Polyphemus (3 damage)
             ... on level 2 of the Shoals on Mar 29, 2015.
             The game lasted 04:24:45 (36096 turns).

Stepppan the Warrior (Green Draconian Warper)      Turns: 36096, Time: 04:24:46

Health: -2/163     AC: 28    Str: 13    XL:     17   Next: 13%
Magic:  19/19      EV:  2    Int: 13    God:    Makhleb [******]
Gold:   682        SH:  0    Dex: 28    Spells: 4 memorised, 11 levels left

rFire  . . .     SeeInvis +     u - +11 morningstar "Eos" {elec, -Tele rElec SInv}
rCold  . . .     Clarity  +     (armour unavailable)
rNeg   + + +     SustAb   .     (no shield)
rPois  ∞         Gourm    .     C - +2 hat {MR+}
rElec  +         Spirit   .     r - +2 cloak
rCorr  .         Warding  .     U - +2 pair of gloves
rMut   .         NoTele   +     m - +1 pair of boots of Beauty {Dex+7}
MR     ++...                    z - amulet of clarity
Stlth  ++........               D - +4 ring of dexterity
                                I - ring of Robustness {AC+8}

@: petrified, very resistant to hostile enchantments, unstealthy
A: breathe noxious fumes, unfitting armour, stinger 1, talons 1, low mp 1,
poison resistance, screaming 1, shaggy fur 1, weak 1, cold-blooded, placid magic
2, AC +9
a: Breathe Noxious Fumes, Minor Destruction, Lesser Servant of Makhleb, Major
Destruction, Greater Servant of Makhleb, Renounce Religion


You were on level 2 of the Shoals.
You worshipped Makhleb.
Makhleb was exalted by your worship.
You were not hungry.

You visited 5 branches of the dungeon, and saw 30 of its levels.
You visited the Abyss 1 time.
You also visited: Ice Cave and Volcano.

You collected 3367 gold pieces.
You spent 2685 gold pieces at shops.

Inventory:

Hand weapons
 u - the +11 morningstar "Eos" (weapon) {elec, -Tele rElec SInv}
   (You acquired it on level 5 of the Lair of Beasts)

   Occasionally, upon striking a foe, it will discharge some electrical energy
   and cause terrible harm.
   It insulates you from electricity.
   It enhances your eyesight.
   It prevents most forms of teleportation.
 x - the +7 rapier of Unpleasantness {elec, MR+++ Dex+3}
   (You found it on level 1 of the Abyss)

   Occasionally, upon striking a foe, it will discharge some electrical energy
   and cause terrible harm.
   It affects your dexterity (+3).
   It affects your resistance to hostile enchantments.
 E - a +0 blowgun
 J - a +1 flail of freezing
Missiles
 e - 5 tomahawks of dispersal
 y - 56 poisoned needles (quivered)
Armour
 m - the +1 pair of boots of Beauty (worn) {Dex+7}
   (You found it on level 4 of the Lair of Beasts)

   It affects your dexterity (+7).
 r - a +2 cloak (worn)
 C - a +2 hat of magic resistance (worn)
 U - a +2 pair of gloves (worn)
Rods
 s - a +1 rod of the swarm (12/12)
   (You found it on level 1 of the Abyss)
Jewellery
 a - an uncursed ring of protection from fire
 l - an uncursed ring of protection from magic
 z - an amulet of clarity (around neck)
 A - an uncursed ring of sustain abilities
 D - a +4 ring of dexterity (right hand)
 H - an uncursed ring of flight
 I - the ring of Robustness (left hand) {AC+8}
   (You bought it in a shop on level 4 of the Orcish Mines)

   [ring of protection]

   It affects your AC (+8).
 N - an uncursed ring of fire
 P - an uncursed ring of positive energy
 T - an uncursed ring of protection from cold
 W - an uncursed ring of magical power
 Y - an uncursed amulet of stasis
Scrolls
 b - 13 scrolls of teleportation
 g - 4 scrolls of enchant armour
 n - 7 scrolls of identify
 o - 14 scrolls of remove curse
 p - 2 scrolls of brand weapon
 K - 2 scrolls of enchant weapon
 Q - 3 scrolls of fear
Potions
 h - 6 potions of might
 i - 2 potions of resistance
 w - 4 potions of heal wounds
 B - 4 potions of berserk rage
 F - 2 potions of flight
 L - 8 potions of curing
 M - 4 potions of agility
 R - 2 potions of invisibility
 Z - 2 potions of haste
Books
 c - a book of Spatial Translocations

   Spells                             Type                      Level
   a - Apportation                    Translocation                1
   b - Blink                          Translocation                2
   c - Shroud of Golubria             Charms/Translocation         2
   d - Portal Projectile              Translocation                3
   e - Teleport Other                 Translocation                3
   f - Passage of Golubria            Translocation                4
 d - a book of Envenomations

   Spells                             Type                      Level
   a - Spider Form                    Transmutation/Poison         3
   b - Alistair's Intoxication        Transmutation/Poison         4
   c - Olgreb's Toxic Radiance        Poison                       4
   d - Poisonous Cloud                Conjuration/Poison/Air       6
 q - a book of Beasts

   Spells                             Type                      Level
   a - Summon Butterflies             Summoning                    1
   b - Call Canine Familiar           Summoning                    3
   c - Summon Ice Beast               Ice/Summoning                4
   d - Summon Mana Viper              Hexes/Summoning              5
   e - Monstrous Menagerie            Summoning                    6
   f - Summon Hydra                   Summoning                    7
 t - a book of Minor Magic

   Spells                             Type                      Level
   a - Magic Dart                     Conjuration                  1
   b - Blink                          Translocation                2
   c - Call Imp                       Summoning                    2
   d - Repel Missiles                 Charms/Air                   2
   e - Slow                           Hexes                        2
   f - Conjure Flame                  Conjuration/Fire             3
   g - Mephitic Cloud                 Conjuration/Poison/Air       3
 V - a book of the Earth

   Spells                             Type                      Level
   a - Leda's Liquefaction            Hexes/Earth                  4
   b - Bolt of Magma                  Conjuration/Fire/Earth       5
   c - Statue Form                    Transmutation/Earth          6
   d - Iron Shot                      Conjuration/Earth            6
   e - Shatter                        Earth                        9
Miscellaneous
 G - a phantom mirror
 S - a stone of tremors
Comestibles
 f - 22 bread rations
 j - 19 meat rations
 k - 31 fruits
 v - a chunk of flesh
 X - 5 beef jerkies


   Skills:
 + Level 17.8 Fighting
 + Level 16.4 Maces & Flails
 - Level 0.8 Throwing
 * Level 17.2 Dodging
 - Level 2.1 Spellcasting
 - Level 7.0 Translocations


You had 11 spell levels left.
You knew the following spells:

 Your Spells              Type           Power        Failure   Level  Hunger
a - Apportation           Tloc           #.........   0%          1    ##.....
b - Blink                 Tloc           N/A          1%          2    ###....
c - Shroud of Golubria    Chrm/Tloc      #.........   1%          2    ###....
d - Passage of Golubria   Tloc           N/A          2%          4    #####..


Dungeon Overview and Level Annotations

Branches:
Dungeon (15/15)            Temple (1/1) D:4            Lair (8/8) D:10
 Shoals (2/5) Lair:6       Spider (0/5) Lair:3        Slime (0/6) Lair:6
    Orc (4/4) D:10            Elf (0/3) Orc:4        Vaults (0/5) D:13
 Depths (0/5) D:15

Altars:
Ashenzari
Cheibriados
Dithmenos
Elyvilon
Fedhas
Gozag
Kikubaaqudgha
Makhleb
Nemelex Xobeh
Okawaru
Qazlal
Ru
Sif Muna
Trog
Vehumet
Xom
Yredelemnul
Zin
The Shining One
Beogh

Shops:
D:8 *   Orc:1 (   Orc:4 =%(}

Portals:
Trove: D:12 (give +5 ice dragon armour)

Annotations:
D:8 Erolcha
Shoals:2 Polyphemus


Innate Abilities, Weirdness & Mutations

You can breathe blasts of noxious fumes.
Your lurid green scales are hard (AC +9).
Your body does not fit into most forms of armour.
Your tail ends in a poisonous barb.
Your system is resistant to poisons.
Your cold-blooded metabolism reacts poorly to cold.
You have sharp toenails.
Your magical capacity is low (-10% MP).
You occasionally shout uncontrollably at your foes.
You are covered in fur (AC +1).
You are weak. (Str -2)
Your spells are easier to cast, but less powerful.


Message History

Polyphemus hits you!!
* * * LOW HITPOINT WARNING * * *
The death yak gores you!!
* * * LOW HITPOINT WARNING * * *
The catoblepas gores you!
* * * LOW HITPOINT WARNING * * *
The death yak is engulfed in calcifying dust.
Polyphemus says, "Trying to escape from me is pointless!"
Polyphemus barely misses you. Polyphemus hits you!
* * * LOW HITPOINT WARNING * * *
The death yak gores you!
* * * LOW HITPOINT WARNING * * *
The catoblepas breathes a plume of calcifying dust at you.
The blast of calcifying dust hits you!
You are engulfed in calcifying dust.
The death yak is engulfed in calcifying dust.
Polyphemus hits you!!
* * * LOW HITPOINT WARNING * * *
Polyphemus hits you!
You die...

. ..# #. ≈...#
#.. .....##
##.# .≈
#....###..##..≈
#....Y......≈≈
#..@Y.......≈≈
##§CY.....P≈PP
#≈.....#..≈≈≈
≈..≈≈≈≈..## ≈≈
≈≈≈≈≈≈≈≈≈≈..
≈≈≈≈≈≈≈≈≈≈≈≈≈
≈≈≈≈≈≈≈≈≈≈≈≈≈
≈≈≈≈≈≈≈≈≈≈≈≈
≈≈≈≈≈≈≈≈≈≈


You could see Polyphemus, 2 death yaks and a catoblepas.

Vanquished Creatures
  A bone dragon (Abyss:1)
  A tentacled starspawn (Abyss:1)
  A revenant (Abyss:1)
  Louise (D:15)
  An angel (Abyss:1)
  3 very ugly things (Abyss:1)
  A draconian caller (Abyss:1)
  A reaper (Abyss:1)
  A pale draconian (Abyss:1)
  An unborn (Abyss:1)
  A merfolk impaler (Shoals:1)
  A fire dragon (Lair:5)
  An ettin (D:15)
  2 green deaths (Abyss:1)
  A yaktaur captain (D:14)
  A rakshasa (Abyss:1)
  Fannar (Lair:4)
  A great orb of eyes (Abyss:1)
  7 hydras
  Harold (Lair:1)
  4 centaur warriors
  A merfolk avatar (Shoals:1)
  4 ogre magi
  6 death yaks (Lair:8)
  3 catoblepae
  A tengu warrior (D:14)
  2 thrashing horrors (Abyss:1)
  4 hell hogs (Abyss:1)
  Urug (D:13)
  A sun demon (Abyss:1)
  3 skeletal warriors (D:13)
  6 wretched stars (Abyss:1)
  2 spatial maelstroms (Abyss:1)
  A hell knight (D:15)
  4 ice devils
  2 deep trolls
  4 unseen horrors
  A giant orange brain (Abyss:1)
  A sea snake (Shoals:1)
  An ice statue (IceCv)
  2 wizards
  A lindwurm (Lair:8)
  12 hill giants
  3 orc knights
  An orb spider (Lair:3)
  An orb spider (shapeshifter) (Abyss:1)
  4 harpies (Shoals:1)
  3 orc sorcerers
  A necromancer (Lair:8)
  2 worldbinders (Abyss:1)
  7 griffons
  3 sixfirhies
  5 cyclopes
  2 smoke demons (Abyss:1)
  6 manticores
  13 ugly things
  The ghost of Elizilla the Grappler, an experienced TrMo of Dithmenos (D:6)
  10 elephants
  Maurice (Orc:4)
  7 black mambas
  Joseph (Orc:3)
  2 apocalypse crabs (Abyss:1)
  19 spiny frogs
  3 kobold demonologists
  2 centaur skeletons
  6 komodo dragons
  Psyche (D:8)
  An eye of devastation (Lair:6)
  4 efreet
  2 yaktaurs
  4 fire drakes
  A queen ant (Lair:7)
  An ancient zyme (Abyss:1)
  A harpy zombie (D:14)
  2 tengu conjurers
  A blue devil (IceCv)
  4 merfolk (Shoals:1)
  6 two-headed ogres
  9 trolls
  11 blink frogs
  A golden dragon simulacrum (IceCv)
  Prince Ribbit (D:7)
  18 raiju (Abyss:1)
  A freezing wraith (IceCv)
  5 ravens (D:14)
  A wolf spider simulacrum (IceCv)
  6 slime creatures (D:15)
  A baby alligator (shapeshifter) (D:15)
  2 vampires
  A trapdoor spider (D:13)
  2 flying skulls (Abyss:1)
  A snapping turtle (Shoals:1)
  16 starcursed masses (Abyss:1)
  2 wyverns
  A wraith (D:15)
  3 ynoxinuls (Abyss:1)
  2 shadows
  6 deep elf magi
  7 basilisks
  6 fire bats
  27 yaks
  5 neqoxecs (Abyss:1)
  Eustachio (D:7)
  3 chaos spawn (Abyss:1)
  Grum (D:8)
  2 steam dragons
  5 vampire mosquitoes
  A hog (Volcano)
  A mottled dragon (D:14)
  16 large abominations (Abyss:1)
  10 hippogriffs
  A hungry ghost (D:13)
  An iron troll simulacrum (IceCv)
  4 deep elf fighters
  13 wolves
  4 harpy simulacra (IceCv)
  20 soldier ants (Lair:7)
  A death yak simulacrum (IceCv)
  3 spatial vortices (Abyss:1)
  2 wargs
  6 ice beasts
  21 orc warriors
  A hydra simulacrum (IceCv)
  5 eyes of draining
  4 porcupines
  20 water moccasins
  A necrophage (D:5)
  A swamp drake (Orc:1)
  2 phantoms
  A black bear (D:10)
  A wasp (D:13)
  15 centaurs
  27 ogres
  3 big kobolds
  A boring beetle (Lair:4)
  23 crocodiles
  A brain worm (D:15)
  17 giant frogs
  4 scorpions
  A spectral tengu (Abyss:1)
  9 small abominations (Abyss:1)
  8 killer bees
  13 wights
  2 electric eels (Lair:7)
  A giant frog zombie (D:6)
  2 draconian simulacra (IceCv)
  2 goliath beetles
  3 centaur zombies
  6 crimson imps
  12 hounds
  7 jellies
  23 orc priests
  2 giant frog skeletons (D:9)
  3 quasits
  5 iron imps
  11 iguanas
  A troll simulacrum (IceCv)
  38 orc wizards
  7 sheep (Lair:2)
  31 worker ants
  2 spriggan simulacra (IceCv)
  6 wolf simulacra
  3 polar bear simulacra (Lair:8)
  3 centaur simulacra (IceCv)
  2 hound zombies
  2 hound skeletons
  A mummy (D:11)
  A worker ant zombie (D:10)
  2 naga simulacra
  23 adders
  46 river rats
  2 ogre simulacra (IceCv)
  5 shadow imps
  A giant mite (D:5)
  19 white imps
  A worm (D:4)
  5 ufetubi
  An adder zombie (D:5)
  An adder skeleton (D:8)
  165 orcs
  A ball python (D:2)
  13 bats
  2 bat skeletons
  12 goblins
  23 hobgoblins
  6 jackals
  2 oozes
  10 giant cockroaches
  4 giant geckos
  2 giant gecko skeletons (D:5)
  7 giant newts
  A jackal zombie (D:9)
  28 kobolds
  4 kobold zombies (D:9)
  2 lurking horrors (Abyss:1)
  12 quokkas
  A quokka skeleton (D:6)
  A quokka zombie (D:5)
  10 rats
  3 river rat simulacra (Lair:8)
  5 ballistomycetes
  A bush (Shoals:1)
  A plant (Lair:7)
1234 creatures vanquished.

Vanquished Creatures (others)
  4 drowned souls (Shoals:1)
  An ogre (D:11)
  2 starcursed masses (Abyss:1)
  A worker ant (D:14)
  2 white imps (IceCv)
  An ufetubus (IceCv)
  A bat (D:8)
  2 giant spores
  3 lurking horrors (Abyss:1)
  10 fungi
  3 plants
  4 starspawn tentacles (Abyss:1)
  97 starspawn tentacle segments (Abyss:1)
131 creatures vanquished.

Grand Total: 1365 creatures vanquished

Notes
Turn   | Place    | Note
--------------------------------------------------------------
     0 | D:1      | Stepppan, the Draconian Warper, began the quest for the Orb.
     0 | D:1      | Reached XP level 1. HP: 17/17 MP: 3/3
   359 | D:1      | Reached XP level 2. HP: 23/25 MP: 4/4
   363 | D:1      | Learned a level 2 spell: Blink
   366 | D:1      | Learned a level 2 spell: Shroud of Golubria
   466 | D:1      | Found an opulent altar of Gozag.
  1482 | D:2      | Reached XP level 3. HP: 31/31 MP: 6/6
  1723 | D:2      | Found an iron altar of Okawaru.
  1794 | D:2      | Found an ancient bone altar of Kikubaaqudgha.
  2116 | D:3      | Reached XP level 4. HP: 40/40 MP: 7/7
  2140 | D:3      | Noticed a giant frog
  2152 | D:3      | Killed a giant frog
  2152 | D:3      | Reached skill level 4 in Fighting
  2322 | D:3      | Reached XP level 5. HP: 47/47 MP: 9/9
  2654 | D:3      | Found a burning altar of Makhleb.
  2654 | D:3      | Found a radiant altar of Vehumet.
  2733 | D:3      | Became a worshipper of Makhleb the Destroyer
  3119 | D:4      | Reached skill level 5 in Fighting
  3128 | D:4      | Found a staircase to the Ecumenical Temple.
  3171 | D:4      | Reached XP level 6. HP: 53/56 MP: 10/10
  3385 | D:4      | Acquired Makhleb's first power
  3641 | Temple   | Entered the Ecumenical Temple
  3932 | D:5      | Entered Level 5 of the Dungeon
  4008 | D:5      | Reached skill level 5 in Maces & Flails
  4322 | D:5      | Reached skill level 6 in Fighting
  4322 | D:5      | Your scales start taking on a lurid green colour.
  4322 | D:5      | Gained mutation: Your system is resistant to poisons. [draconian maturity]
  4322 | D:5      | Reached XP level 7. HP: 50/63 MP: 12/12
  4446 | D:5      | Found a shadowy altar of Dithmenos.
  4656 | D:5      | Reached skill level 7 in Fighting
  4805 | D:5      | Acquired Makhleb's second power
  5008 | D:6      | Found a white marble altar of Elyvilon.
  5029 | D:6      | Noticed Elizilla's ghost (experienced TrMo)
  5570 | D:6      | Reached XP level 8. HP: 72/74 MP: 13/13
  6015 | D:7      | Reached skill level 8 in Fighting
  6070 | D:7      | Found a stormy altar of Qazlal.
  6191 | D:7      | Noticed Prince Ribbit
  6346 | D:8      | Found a radiant altar of Vehumet.
  6414 | D:8      | Acquired Makhleb's third power
  6431 | D:8      | Noticed Grum
  6462 | D:8      | Killed Grum
  6462 | D:8      | Reached skill level 9 in Fighting
  6657 | D:8      | Reached XP level 9. HP: 84/84 MP: 14/14
  6658 | D:8      | Noticed Erolcha
  6742 | D:7      | Noticed Eustachio
  6874 | D:7      | Killed Eustachio
  7138 | D:7      | Found a basalt altar of Yredelemnul.
  7250 | D:7      | Reached skill level 10 in Fighting
  7296 | D:7      | Killed Prince Ribbit
  7461 | D:8      | Found a shattered altar of Ashenzari.
  7600 | D:9      | Found a blossoming altar of Fedhas.
  8034 | D:9      | Acquired Makhleb's fourth power
  8034 | D:9      | Reached skill level 10 in Maces & Flails
  8466 | D:8      | Reached skill level 11 in Fighting
  8784 | D:9      | Found a glowing silver altar of Zin.
  9110 | D:10     | Entered Level 10 of the Dungeon
  9146 | D:10     | Reached XP level 10. HP: 94/96 MP: 16/16
  9487 | D:10     | Found a staircase to the Orcish Mines.
  9766 | D:10     | Found a staircase to the Lair.
  9786 | D:10     | Found a blossoming altar of Fedhas.
 10011 | D:10     | Noticed a hill giant
 10162 | D:10     | Killed a hill giant
 10220 | D:10     | Noticed a hill giant
 10227 | D:10     | Killed a hill giant
 10227 | D:10     | Reached skill level 5 in Dodging
 11687 | D:8      | Noticed Psyche
 11694 | D:8      | Killed Psyche
 11694 | D:8      | Reached skill level 12 in Fighting
 11749 | D:8      | Found an opulent altar of Gozag.
 11750 | D:8      | Found Gozag's Platinum Reserve.
 12618 | D:6      | Killed Elizilla's ghost
 12803 | Lair:1   | Entered Level 1 of the Lair of Beasts
 12929 | Lair:1   | Reached XP level 11. HP: 104/104 MP: 17/17
 12969 | Lair:1   | Noticed a black mamba
 12983 | Lair:1   | Killed a black mamba
 12994 | Lair:1   | Noticed Harold
 13119 | Lair:2   | Acquired Makhleb's fifth power
 14841 | Lair:3   | Found a hole to the Spider Nest.
 15207 | Lair:3   | Gained mutation: You can breathe flames. [potion of beneficial mutation]
 15224 | Lair:3   | Gained mutation: Your spells are a little easier to cast, but a little less powerful. [potion of mutation]
 15224 | Lair:3   | Gained mutation: You are covered in fur (AC +1). [potion of mutation]
 15224 | Lair:3   | Gained mutation: You have sharp toenails. [potion of mutation]
 15695 | Lair:4   | Reached skill level 13 in Fighting
 15710 | Lair:4   | Got a pair of polished boots
 15711 | Lair:4   | Identified the +1 pair of boots of Beauty {Dex+7} (You found it on level 4 of the Lair of Beasts)
 16082 | Lair:4   | Noticed Fannar
 16164 | Lair:4   | Reached XP level 12. HP: 115/115 MP: 18/18
 16659 | Lair:5   | Upgraded the game from 0.16.1-5-gaa23807 to 0.16.1-7-g2c6721e
 17128 | Lair:5   | Identified a scroll of acquirement
 17345 | Lair:5   | Noticed a fire dragon
 17356 | Lair:5   | Killed a fire dragon
 17657 | Lair:6   | Noticed a seven-headed hydra
 17680 | Lair:5   | Killed a seven-headed hydra
 17771 | Lair:6   | Noticed a four-headed hydra
 17791 | Lair:5   | Killed a four-headed hydra
 17791 | Lair:5   | Reached skill level 10 in Dodging
 17807 | Lair:6   | Found a staircase to the Slime Pits.
 17937 | Lair:6   | Found a staircase to the Shoals.
 18810 | Lair:7   | Reached skill level 14 in Fighting
 18864 | Lair:7   | Reached XP level 13. HP: 124/124 MP: 19/19
 19518 | Lair:8   | Entered Level 8 of the Lair of Beasts
 20253 | Lair:8   | Reached skill level 15 in Fighting
 20394 | Lair:8   | Gained mutation: Your tail ends in a poisonous barb. [draconian growth]
 20394 | Lair:8   | Reached XP level 14. HP: 135/135 MP: 20/20
 21172 | Lair:4   | Killed Fannar
 21699 | Lair:1   | Killed Harold
 22377 | Orc:1    | Entered Level 1 of the Orcish Mines
 22519 | Orc:1    | Found Hityv's Weapon Shop.
 22713 | Orc:1    | Learned a level 4 spell: Passage of Golubria
 22963 | Orc:1    | Found a deep blue altar of Sif Muna.
 23144 | Orc:2    | Found Graguxoa's Food Shop.
 23164 | Orc:2    | Bought a beef jerky for 16 gold pieces
 23164 | Orc:2    | Bought 2 fruits for 33 gold pieces
 23164 | Orc:2    | Bought 4 fruits for 66 gold pieces
 23164 | Orc:2    | Bought a bread ration for 55 gold pieces
 23164 | Orc:2    | Bought a meat ration for 55 gold pieces
 23164 | Orc:2    | Bought a bread ration for 55 gold pieces
 23164 | Orc:2    | Bought a bread ration for 55 gold pieces
 23164 | Orc:2    | Bought a bread ration for 55 gold pieces
 23164 | Orc:2    | Bought a fruit for 16 gold pieces
 23930 | Orc:3    | Noticed Joseph
 23941 | Orc:3    | Killed Joseph
 24318 | Orc:4    | Entered Level 4 of the Orcish Mines
 24513 | Orc:4    | Found a burning altar of Makhleb.
 24522 | Orc:4    | Noticed Maurice
 24530 | Orc:4    | Killed Maurice
 24685 | Orc:4    | Found a dark tunnel.
 24714 | Volcano  | Entered a volcano
 24972 | Orc:4    | Found a staircase to the Elven Halls.
 25361 | Orc:4    | Reached skill level 5 in Translocations
 25378 | Orc:4    | Found Crin's Weapon Emporium.
 25429 | Orc:4    | Found Cyfioci's Jewellery Shop.
 25434 | Orc:4    | Found Crueth's Food Emporium.
 25436 | Orc:4    | Found Pnainon's Gadget Shoppe.
 25595 | Orc:4    | Bought the ring of Robustness {AC+8} for 2176 gold pieces
 25606 | Orc:4    | Bought a slice of pizza for 16 gold pieces
 25606 | Orc:4    | Bought a bread ration for 55 gold pieces
 26140 | Orc:4    | Bought a slice of pizza for 16 gold pieces
 26140 | Orc:4    | Bought a beef jerky for 16 gold pieces
 27232 | D:12     | Found a roughly hewn altar of Beogh.
 27520 | D:12     | Reached XP level 15. HP: 143/143 MP: 21/21
 27625 | D:12     | Found a portal to a secret trove of treasure.
 27897 | D:13     | Noticed Urug
 27903 | D:13     | Killed Urug
 27967 | D:13     | Reached skill level 16 in Fighting
 28338 | D:13     | Found a gate to the Vaults.
 29479 | D:14     | Reached skill level 15 in Maces & Flails
 29723 | D:14     | Reached skill level 15 in Dodging
 30120 | D:15     | Entered Level 15 of the Dungeon
 30136 | D:15     | Noticed Louise
 30152 | D:15     | Killed Louise
 30205 | D:15     | Cast into the Abyss (an ogre mage)
 30208 | Abyss:1  | Got a smoking rapier
 30244 | Abyss:1  | Identified the +7 rapier of Unpleasantness {elec, MR+++ Dex+3} (You found it on level 1 of the Abyss)
 30312 | Abyss:1  | Noticed a shadow dragon
 30566 | Abyss:1  | Reached XP level 16. HP: 154/154 MP: 22/22
 30775 | Abyss:1  | Found a corrupted altar of Lugonu.
 30795 | Abyss:1  | Noticed a bone dragon
 30853 | Abyss:1  | Killed a bone dragon
 31007 | Abyss:1  | Found a corrupted altar of Lugonu.
 31087 | Abyss:1  | Reached skill level 17 in Fighting
 31092 | Abyss:1  | Paralysed by you for 6 turns
 31099 | Abyss:1  | Gained mutation: You are weak. (Str -2) [a neqoxec]
 31101 | Abyss:1  | Gained mutation: Your magical capacity is low (-10% MP). [a neqoxec]
 31105 | Abyss:1  | Found a corrupted altar of Lugonu.
 31368 | Abyss:1  | Paralysed by accursed screaming for 1 turns
 31899 | Abyss:1  | Found a corrupted altar of Lugonu.
 31916 | Abyss:1  | Noticed a tentacled starspawn
 31988 | Abyss:1  | Found a stormy altar of Qazlal.
 32523 | Abyss:1  | Gained mutation: Your spells are easier to cast, but less powerful. [a neqoxec]
 32525 | Abyss:1  | Lost mutation: You can breathe flames. [a neqoxec]
 32532 | Abyss:1  | Gained mutation: You occasionally shout uncontrollably at your foes. [a neqoxec]
 32755 | Abyss:1  | Noticed a tentacled starspawn
 32875 | Abyss:1  | Noticed a tentacled starspawn
 32895 | Abyss:1  | Killed a tentacled starspawn
 33230 | Abyss:1  | Found a roughly hewn altar of Beogh.
 33244 | Abyss:1  | Paralysed by you for 2 turns
 33271 | Abyss:1  | Paralysed by a great orb of eyes for 6 turns
 33341 | D:15     | Escaped the Abyss
 33364 | D:15     | Identified a +1 rod of the swarm (12/12) (You found it on level 1 of the Abyss)
 33378 | D:15     | Found a staircase to the Depths.
 34661 | Shoals:1 | Entered Level 1 of the Shoals
 34679 | Shoals:1 | Reached XP level 17. HP: 163/163 MP: 19/19
 34728 | Shoals:1 | Found a frozen archway.
 34770 | IceCv    | Entered an ice cave
 36083 | Shoals:2 | Noticed Polyphemus
 36096 | Shoals:2 | HP: 1/163 [Polyphemus (11)]
 36096 | Shoals:2 | Slain by Polyphemus

Action                   |  1- 3 |  4- 6 |  7- 9 | 10-12 | 13-15 | 16-18 || total
-------------------------+-------+-------+-------+-------+-------+-------++-------
Melee: Mace              |    43 |       |       |       |       |       ||    43
       Dagger            |    70 |   132 |   575 |       |       |       ||   777
       Flail             |       |       |    11 |   750 |       |       ||   761
       Morningstar       |       |       |       |   242 |  1544 |   771 ||  2557
       Unarmed           |       |       |       |       |    30 |       ||    30
 Fire: Blowgun           |       |       |     9 |     8 |       |       ||    17
 Cast: Shroud of Golubri |       |       |     1 |     3 |     2 |     1 ||     7
Invok: Minor Destruction |       |       |     1 |       |       |       ||     1
 Abil: Breathe Noxious F |       |       |     2 |       |       |       ||     2
Evoke: Wand              |       |     1 |       |       |     1 |       ||     2
  Use: Potion            |       |       |    10 |     6 |     6 |     2 ||    24
       Scroll            |       |       |     9 |    13 |     8 |     1 ||    31
 Stab: Sleeping          |       |     1 |     4 |     7 |     6 |     1 ||    19
       Distracted        |       |     1 |       |     1 |       |     4 ||     6
       Confused          |       |       |     2 |       |       |       ||     2
       Invisible         |       |       |     1 |       |       |       ||     1
  Eat: Chunk             |     4 |     7 |    15 |    27 |    40 |     8 ||   101
       Beef jerky        |       |       |     1 |     3 |       |     3 ||     7
       Pizza             |       |       |       |       |       |     4 ||     4
